 Dungeon Crawl Stone Soup version 0.19.0-2-gae57169 (webtiles) character file.

758 Gingerlord the Skirmisher (level 7, 0/94 HPs)
             Began as a Minotaur Fighter on Nov 2, 2016.
             Killed from afar by an orc wizard (1 damage)
             ... with a magic dart
             ... on level 5 of the Dungeon.
             The game lasted 00:06:33 (3741 turns).

Gingerlord the Skirmisher (Minotaur Fighter)        Turns: 3741, Time: 00:06:34

Health: 0/94       AC: 23    Str: 21    XL:     7   Next: 50%
Magic:  6/6        EV:  2    Int:  5    God:
Gold:   360        SH: 10    Dex: 11    Spells: 0 memorised, 6 levels left

rFire  . . .     SeeInvis .     a - +0 long sword
rCold  . . .     Gourm    .     (armour currently unavailable)
rNeg   + + +     Faith    .     c - +0 shield
rPois  +         Spirit   .     (helmet currently unavailable)
rElec  .         Reflect  .     (cloak currently unavailable)
rCorr  .         Harm     .     (gloves currently unavailable)
MR     .....     NoTele   +     (boots currently unavailable)
Stlth  +.........               o - amulet of magic regeneration
                                r - ring of poison resistance
                                u - ring of teleportation (curse)

@: tree-form
A: (retaliatory headbutt), (horns 0)
a: no special abilities


You were on level 5 of the Dungeon.
You were hungry.
You were a tree.
You visited 1 branch of the dungeon, and saw 5 of its levels.

You collected 360 gold pieces.

Inventory:

Hand Weapons
 a - a +0 long sword (weapon)
Armour
 b - a +0 scale mail (melded)
 c - a +0 shield (worn)
 q - a +0 cloak (melded)
Jewellery
 o - an amulet of magic regeneration (around neck)
 r - a ring of poison resistance (right branch)
 u - a cursed ring of teleportation (left branch)
Wands
 w - a wand of acid (7/15)
Scrolls
 i - 2 scrolls of identify
 j - a scroll of fear
 m - a scroll of magic mapping {unknown}
 p - a scroll of amnesia
 s - 2 scrolls of teleportation {unknown}
 t - a scroll of fog
Potions
 d - 3 potions of might
 g - 2 potions of flight
 h - 2 potions of resistance
Comestibles
 f - 5 bread rations
 l - a slice of pizza
 n - 2 meat rations
 v - 2 beef jerkies


   Skills:
 + Level 6.0 Fighting
 + Level 5.0 Long Blades
 + Level 5.5 Armour
 + Level 3.7 Dodging
 + Level 5.8 Shields


You had 6 spell levels left.
You didn't know any spells.

Dungeon Overview and Level Annotations

Branches:
Dungeon (5/15)
 Temple: D:4-7

Altars:
Dithmenos
Elyvilon
Qazlal


Innate Abilities, Weirdness & Mutations

((You reflexively headbutt those who attack you in melee.))
((You have a pair of horns on your head.))


Message History

You hit the orc wizard.
The orc wizard is lightly wounded.
You block the orc wizard's attack. The orc barely misses you.
You riposte.
You slash the orc!
You kill the orc!
The orc wizard hits you but does no damage.
You slash the orc priest!
You kill the orc priest!
Your Fighting skill increases to level 6!
Your Long Blades skill increases to level 5!
The orc wizard gestures at you while chanting.
The magic dart hits you!
* * * LOW HITPOINT WARNING * * *
You miss the orc wizard.
The orc wizard is lightly wounded.
The orc wizard barely misses you.
You riposte.
You barely miss the orc wizard.
The orc wizard is lightly wounded.
The orc wizard casts a spell at you. The magic dart hits you!
You die...

#. #. #. ## #( .. #.
####.#.##################
....>...?..♣)...........#
###..[.†..)o........)......
#.#.################.#!.. #
#. ..... #. #.... #. ?...
#. #... #. .## #.


You could see an orc wizard.

Vanquished Creatures
  The ghost of Unbeliever the Slasher, an amateur VSFi (D:3)
  A water moccasin skeleton (D:5)
  A scorpion (D:4)
  A jelly (D:5)
  A bullfrog skeleton (D:5)
  Crazy Yiuf (D:4)
  2 hounds
  4 orc priests
  An orc wizard (D:3)
  An iguana (D:5)
  Ijyb (D:3)
  3 worker ants
  Robin (D:4)
  3 adders
  2 oozes
  An adder skeleton (D:4)
  2 worms
  2 dart slugs
  A leopard gecko (D:2)
  10 orcs
  6 giant cockroaches
  24 goblins
  11 hobgoblins
  12 jackals
  2 quokkas (D:4)
  2 ball pythons (D:3)
  5 bats
  6 frilled lizards
  6 kobolds
  5 rats
  2 fungi (D:4)
121 creatures vanquished.

Notes
Turn   | Place    | Note
-------+----------+-------------------------------------------
     0 | D:1      | Gingerlord the Minotaur Fighter began the quest for the Orb.
     0 | D:1      | Reached XP level 1. HP: 19/19 MP: 0/0
    89 | D:1      | Reached XP level 2. HP: 27/27 MP: 1/1
   581 | D:1      | Reached skill level 4 in Fighting
   581 | D:1      | Reached XP level 3. HP: 30/33 MP: 2/2
   639 | D:2      | Noticed an air elemental
   647 | D:2      | Found a stormy altar of Qazlal.
   649 | D:2      | Noticed an earth elemental
   660 | D:2      | Reached skill level 1 in Dodging
   824 | D:2      | Found a white marble altar of Elyvilon.
   999 | D:2      | Noticed a fire elemental
   999 | D:2      | Noticed a water elemental
  1270 | D:3      | Noticed Ijyb
  1279 | D:3      | Killed Ijyb
  1279 | D:3      | Reached XP level 4. HP: 40/40 MP: 3/3
  1452 | D:3      | Found a shadowy altar of Dithmenos.
  1672 | D:3      | Reached XP level 5. HP: 47/47 MP: 4/4
  1811 | D:3      | Noticed Unbeliever's ghost (amateur VSFi)
  1831 | D:3      | Killed Unbeliever's ghost
  1831 | D:3      | Reached skill level 5 in Shields
  2039 | D:4      | Reached skill level 5 in Fighting
  2071 | D:4      | Reached XP level 6. HP: 41/56 MP: 5/5
  2574 | D:4      | Noticed Robin
  2582 | D:4      | Reached skill level 5 in Armour
  2607 | D:4      | Killed Robin
  3368 | D:4      | Found a runed door.
  3372 | D:4      | Noticed Crazy Yiuf
  3376 | D:4      | Killed Crazy Yiuf
  3413 | D:5      | Entered Level 5 of the Dungeon
  3496 | D:5      | Reached XP level 7. HP: 52/61 MP: 6/6
  3735 | D:5      | HP: 2/62 [orc wizard/puff of frost (10)]
  3740 | D:5      | Reached skill level 6 in Fighting
  3740 | D:5      | Reached skill level 5 in Long Blades
  3740 | D:5      | HP: 1/94 [orc wizard/magic dart (3)]
  3741 | D:5      | Killed from afar by an orc wizard

Skill      XL: |  1  2  3  4  5  6  7 |
---------------+----------------------+-----
Shields        | 4 5 |  5.8
Fighting       | 4 5 6 |  6.0
Dodging        | 1 2 3 |  3.7
Long Blades    | 3 4 5 |  5.0
Armour         | 4 5 |  5.5

Action                   |  1- 3 |  4- 6 |  7- 9 || total
-------------------------+-------+-------+-------++-------
Melee: Long sword        |    86 |   172 |    43 ||   301
       Headbutt          |    13 |    39 |    13 ||    65
  Use: Scroll            |       |    10 |       ||    10
       Potion            |       |       |     2 ||     2
  Eat: Chunk             |       |     8 |     1 ||     9
Armor: Scale mail        |    41 |    77 |    20 ||   138
       Skin              |       |       |     2 ||     2
Dodge: Dodged            |    31 |    64 |    16 ||   111
Block: Shield            |    37 |   112 |    32 ||   181
       Rpst.: Long sword |    10 |    11 |     8 ||    29
